 Dungeon Crawl Stone Soup version 0.13.0 (webtiles) character file.

5859 Bloax the Grappler (level 10, -5/60 HPs)
             Began as a Gargoyle Monk on Oct 12, 2013.
             Was a High Priest of Cheibriados.
             Killed by Lee's Rapid Deconstruction
             ... invoked by 4tharraofdagon's ghost
              (27 damage)
             ... on Level 3 of the Orcish Mines.
             The game lasted 00:23:39 (2925 turns).

Bloax the Grappler (Gargoyle Monk)                  Turns: 2925, Time: 00:23:40

HP  -5/60        AC 24     Str 29      XL: 10   Next: 52%
MP  20/20        EV  9     Int 21      God: Cheibriados [*****.]
Gold 922         SH 24     Dex 24      Spells:  0 memorised,  9 levels left

Res.Fire  : . . .   See Invis. : .     - Unarmed
Res.Cold  : . . .   Warding    : .   v - +0 orc chain mail
Life Prot.: + . .   Conserve   : .   r - +0 orc shield
Res.Poison: +       Res.Corr.  : .   g - +1 helmet
Res.Elec. : +       Clarity    : .   m - +0 cloak
Sust.Abil.: . .     Spirit.Shd : .   (no gloves)
Res.Mut.  : .       Stasis     : .   (no boots)
Res.Rott. : +       Flight     : .   (no amulet)
Saprovore : . . .                    (no ring)
                                     c - +4 ring of protection

@: very slow, somewhat resistant to hostile enchantments, extremely unstealthy
A: fangs 1, talons 2, life protection 1, electricity resistance, slow metabolism
1, unbreathing, petrification resistance, AC +7
a: Bend Time, Temporal Distortion, Slouch, Step From Time, Renounce Religion


You were on level 3 of the Orcish Mines.
You worshipped Cheibriados.
Cheibriados was extremely pleased with you.
You were not hungry.

You visited 3 branches of the dungeon, and saw 14 of its levels.

You collected 922 gold pieces.


Innate Abilities, Weirdness & Mutations

You are resistant to torment.
You are immune to poison.
Your stone body is very resilient (AC +7).
You have very sharp teeth.
You have razor-sharp toenails.
You resist negative energy.
You are resistant to electric shocks.
You have a slow metabolism.
You can survive without breathing.
You are immune to petrification.


   Skills:
 + Level 7.6 Fighting
 - Level 5.1 Armour
 + Level 5.7 Dodging
 - Level 2.1 Stealth
 + Level 4.5 Shields
 + Level 9.6 Unarmed Combat
 - Level 7.6 Invocations


You had 9 spell levels left.
You didn't know any spells.

Dungeon Overview and Level Annotations

Branches:
Dungeon (10/27)            Temple (1/1) D:7             Orc (3/4) D:10
    Elf: Orc:3-4       Lair: D:8-13

Altars:
Ashenzari
Cheibriados
Kikubaaqudgha
Okawaru
Sif Muna
Trog
Vehumet
Yredelemnul

Shops:
D:6 }=}   D:10 }

Annotations:
Orc:3 4tharraofdagon's ghost, powerful GrEE; Harold

Inventory:

Armour
 g - a +1 helmet (worn)
   (You found it on level 4 of the Dungeon)
 m - a +0 cloak (worn)
   (You found it on level 9 of the Dungeon)
 r - a +0 orcish shield (worn)
   (You found it on level 10 of the Dungeon)
 v - a +0 orcish chain mail (worn)
   (You took it off an orc warrior on level 10 of the Dungeon)
 w - a +0 orcish plate armour
   (You took it off an orc warrior on level 10 of the Dungeon)
Magical devices
 h - a wand of fire (0)
   (You found it on level 8 of the Dungeon)
 p - a wand of polymorph (6)
   (You took it off an orc on level 10 of the Dungeon)
Comestibles
 b - 2 bread rations
 j - 2 meat rations
Scrolls
 e - a scroll of identify
 i - a scroll of blinking
 k - 3 scrolls of remove curse
 l - 2 scrolls of vulnerability
 o - a scroll of noise {unknown}
 t - a scroll of teleportation {unknown}
 u - a scroll of magic mapping {unknown}
Jewellery
 c - a +4 ring of protection (left hand)
   (You found it on level 1 of the Dungeon)
Potions
 a - a potion of restore abilities
 d - a potion of might
 n - a potion of flight
 q - a potion of agility {unknown}
 s - a potion of brilliance {unknown}

#...... #............#
##..... ##...........#
##.....####......#......#
##...$#.##................#
.$...................#.#.##
.............#...#.......##
..#.#.#.#...##.##....#.#
..#................#..
#.........@....##.#.##
##$#.....#.....###.. #
##.#####.....# ## .p.#.##
#.#### ###


You could see 4tharraofdagon's ghost.


Message History

You claw 4tharraofdagon's ghost, but do no damage. 4tharraofdagon's ghost is lightly damaged.
You block 4tharraofdagon's ghost's attack.
You punch 4tharraofdagon's ghost!
You claw 4tharraofdagon's ghost, but do no damage.
You bite 4tharraofdagon's ghost. 4tharraofdagon's ghost is moderately damaged. 4tharraofdagon's ghost hits you!
You punch 4tharraofdagon's ghost!
You claw 4tharraofdagon's ghost, but do no damage. 4tharraofdagon's ghost is heavily damaged. 4tharraofdagon's ghost hits you.
You hit 4tharraofdagon's ghost.
You claw 4tharraofdagon's ghost, but do no damage. 4tharraofdagon's ghost is heavily damaged.
You hit 4tharraofdagon's ghost.
You claw 4tharraofdagon's ghost, but do no damage.
You bite 4tharraofdagon's ghost. 4tharraofdagon's ghost is severely damaged. 4tharraofdagon's ghost gestures wildly while chanting. 4tharraofdagon's ghost blinks!
Found 15 gold pieces.
Unknown command.
Found 12 gold pieces. 4tharraofdagon's ghost is no longer moving slowly. 4tharraofdagon's ghost hits you but does no damage.
You hit 4tharraofdagon's ghost.
You claw 4tharraofdagon's ghost, but do no damage. 4tharraofdagon's ghost is severely damaged. 4tharraofdagon's ghost gestures wildly while chanting. 4tharraofdagon's ghost blinks!
Unknown command. 4tharraofdagon's ghost casts a spell at you.
The stone arrow misses you.
Unknown command. 4tharraofdagon's ghost closely misses you.
Unknown command.
You hit 4tharraofdagon's ghost.
You claw 4tharraofdagon's ghost, but do no damage.
You bite 4tharraofdagon's ghost, but do no damage. 4tharraofdagon's ghost is severely damaged. 4tharraofdagon's ghost casts a spell. 4tharraofdagon's ghost blinks!
Unknown command.
Evoke which item? (* to show all) (? for menu, Esc to quit)
Zapping:
h - a wand of fire {zapped: 3}
Aim: 4tharraofdagon's ghost (severely damaged)
The bolt of fire hits 4tharraofdagon's ghost. 4tharraofdagon's ghost is almost destroyed.
You swing at nothing.
You hit 4tharraofdagon's ghost but do no damage.
You claw 4tharraofdagon's ghost, but do no damage. 4tharraofdagon's ghost is almost destroyed. 4tharraofdagon's ghost hits you but does no damage.
You barely miss 4tharraofdagon's ghost.
You claw 4tharraofdagon's ghost. 4tharraofdagon's ghost is almost destroyed. 4tharraofdagon's ghost mumbles some strange words. 4tharraofdagon's ghost blinks! 4tharraofdagon's ghost gestures at you while chanting.
The stone arrow hits you!
* * * LOW HITPOINT WARNING * * *
Unknown command.
Unknown command.
Evoke which item? (* to show all) (? for menu, Esc to quit)
Zapping:
h - a wand of fire {zapped: 4}
Aim: 4tharraofdagon's ghost (almost destroyed) Nothing appears to happen. 4tharraofdagon's ghost casts a spell.
You shatter!
You die...

Action                   |  1- 3 |  4- 6 |  7- 9 | 10-12 || total
-------------------------+-------+-------+-------+-------++-------
Melee: Unarmed           |    86 |   119 |   287 |    93 ||   585
Invok: Temporal Distorti |       |       |     1 |       ||     1
       Slouch            |       |       |       |     3 ||     3
       Bend Time         |       |       |       |     1 ||     1
Evoke: Wand              |       |       |     3 |     3 ||     6
  Use: Scroll            |     2 |     1 |     6 |       ||     9
       Potion            |       |       |     2 |       ||     2
 Stab: Sleeping          |     3 |       |     1 |       ||     4
       Invisible         |       |       |     2 |       ||     2

Vault maps used:
D:1:      dpeg_entry_sounds_drone
D:2:      infiniplex_staircase_spiral, serial_co_window_serial,
          co_window_paths_a, co_window_of_opportunity_a,
          co_window_of_opportunity_a, co_window_corner_a, co_window_paths_a,
          co_window_of_opportunity_a, co_window_corner_ca, co_window_paths_c,
          co_window_corner_cb, co_window_unsneaky_path_b, co_window_2corner,
          glass_columns_a, glass_columns_b, glass_columns_c, glass_columns_a,
          glass_columns_a, first_bread, uniq_iyjb
D:3:      serial_bayou_lake_a
D:4:      xom_butterflies
D:5:      hangedman_abyss_or_decor_stagger
D:6:      serial_shops, shop, shop, shop, shop, shop, minmay_misc_feat_hallway
D:7:      temple_fountains, hangedman_fish_farm, minmay_door_square
D:8:      minmay_fire_ice_demons
D:9:      amethyst_overflow_temple_binary, trog_butcher_becter
D:10:     erik_orc_3, serial_shops, shop, shop_fountains, shop_statue,
          minivault_16
Temple:   circular_temple_pool_12
Orc:1:    uniq_joseph
Orc:3:    hangedman_minor_magic, uniq_grum, uniq_harold

Notes
Turn   | Place    | Note
--------------------------------------------------------------
     0 | D:1      | Bloax, the Gargoyle Monk, began the quest for the Orb.
     0 | D:1      | Reached XP level 1. HP: 12/12 MP: 0/0
   116 | D:2      | Reached XP level 2. HP: 11/17 MP: 1/1
   162 | D:2      | HP: 3/17 [adder (3)]
   164 | D:2      | Reached XP level 3. HP: 3/22 MP: 2/2
   520 | D:4      | Reached skill level 3 in Dodging
   585 | D:4      | Reached skill level 4 in Fighting
   593 | D:4      | Reached XP level 4. HP: 20/28 MP: 3/3
   615 | D:4      | Reached skill level 5 in Unarmed Combat
   692 | D:4      | Reached skill level 1 in Armour
   694 | D:5      | Entered Level 5 of the Dungeon
   839 | D:4      | You fall through a shaft!
   874 | D:7      | Noticed a hungry ghost
   878 | D:7      | Reached XP level 5. HP: 32/32 MP: 4/4
   923 | D:7      | Killed a hungry ghost
   923 | D:7      | Reached skill level 2 in Armour
   923 | D:7      | Reached XP level 6. HP: 31/37 MP: 5/5
   961 | D:7      | Found a staircase to the Ecumenical Temple.
   971 | Temple   | Entered the Ecumenical Temple
   988 | Temple   | Became a worshipper of Cheibriados the Contemplative
   988 | Temple   | Acquired Cheibriados' first power
  1023 | D:7      | Reached skill level 5 in Fighting
  1043 | D:7      | Noticed an ogre
  1051 | D:7      | Killed an ogre
  1051 | D:7      | Reached skill level 6 in Unarmed Combat
  1052 | D:7      | Reached skill level 1 in Invocations
  1152 | D:6      | Reached XP level 7. HP: 26/42 MP: 8/8
  1154 | D:6      | HP: 9/42 [acid (2)]
  1158 | D:6      | Reached skill level 2 in Invocations
  1205 | D:6      | Found Truat's Gadget Emporium.
  1258 | D:6      | Found Riec's Gadget Boutique.
  1265 | D:6      | Found Thixuh's Jewellery Emporium.
  1304 | D:6      | Reached skill level 4 in Dodging
  1318 | D:6      | Reached skill level 6 in Fighting
  1327 | D:6      | HP: 9/43 [wight/halberd of freezing (5)]
  1330 | D:6      | Reached skill level 3 in Invocations
  1330 | D:6      | Reached XP level 8. HP: 40/48 MP: 11/11
  1507 | D:8      | Reached skill level 7 in Unarmed Combat
  1589 | D:8      | Acquired Cheibriados' second power
  1705 | D:10     | Entered Level 10 of the Dungeon
  1757 | D:9      | Reached skill level 4 in Invocations
  1781 | D:9      | Found a deep blue altar of Sif Muna.
  1781 | D:9      | Found a radiant altar of Vehumet.
  1939 | D:9      | Reached skill level 7 in Fighting
  1939 | D:9      | Reached skill level 5 in Dodging
  2041 | D:10     | Paralysed by a giant eyeball for 2 turns
  2046 | D:10     | Paralysed by a giant eyeball for 3 turns
  2052 | D:10     | Noticed a troll
  2060 | D:10     | Reached XP level 9. HP: 53/53 MP: 15/15
  2061 | D:10     | Acquired Cheibriados' third power
  2076 | D:10     | Found Uhecwoih's Gadget Shoppe.
  2092 | D:10     | Killed a troll
  2092 | D:10     | Reached skill level 8 in Unarmed Combat
  2092 | D:10     | Reached skill level 5 in Invocations
  2208 | D:10     | Reached skill level 1 in Shields
  2256 | D:10     | Found a staircase to the Orcish Mines.
  2286 | D:10     | Reached skill level 2 in Shields
  2316 | Orc:1    | Entered Level 1 of the Orcish Mines
  2325 | Orc:1    | Reached skill level 6 in Invocations
  2334 | Orc:1    | Reached skill level 3 in Armour
  2361 | Orc:1    | Noticed Joseph
  2407 | Orc:1    | Killed Joseph
  2407 | Orc:1    | Reached skill level 3 in Shields
  2407 | Orc:1    | Reached skill level 9 in Unarmed Combat
  2407 | Orc:1    | Reached XP level 10. HP: 32/60 MP: 17/19
  2515 | Orc:2    | Acquired Cheibriados' fourth power
  2603 | Orc:2    | Reached skill level 4 in Armour
  2615 | Orc:2    | Noticed an orc knight
  2616 | Orc:2    | Noticed a glowing shapeshifter
  2616 | Orc:2    | an orc knight changed into a glowing shapeshifter
  2617 | Orc:2    | Noticed a sea snake
  2617 | Orc:2    | a glowing shapeshifter changed into a sea snake
  2618 | Orc:2    | Noticed a cyclops
  2618 | Orc:2    | a sea snake changed into a cyclops
  2619 | Orc:2    | Noticed a death drake
  2619 | Orc:2    | a cyclops changed into a death drake
  2623 | Orc:2    | a death drake changed into a jumping spider
  2624 | Orc:2    | Reached skill level 7 in Invocations
  2712 | Orc:3    | Noticed Grum
  2714 | Orc:3    | Reached skill level 4 in Shields
  2721 | Orc:3    | Killed Grum
  2721 | Orc:3    | Reached skill level 5 in Armour
  2805 | Orc:3    | Noticed Harold
  2895 | Orc:3    | Noticed 4tharraofdagon's ghost (powerful GrEE)
  2925 | Orc:3    | Killed from afar by 4tharraofdagon's ghost

Vanquished Creatures
  Joseph (Orc:1)
  A troll (D:10)
  A jumping spider (shapeshifter) (Orc:2)
  A hungry ghost (D:7)
  A hippogriff (D:8)
  Grum (Orc:3)
  4 wolves (Orc:3)
  A soldier ant (D:10)
  An ice beast (D:9)
  8 orc warriors
  5 ogres
  2 phantoms (D:9)
  A sky beast (D:10)
  A centaur (D:10)
  2 wargs
  2 giant frogs
  A wyvern zombie (D:6)
  2 jellies
  3 wights (D:6)
  5 crimson imps
  An iron imp (Orc:3)
  6 orc priests
  9 orc wizards
  A centaur skeleton (D:9)
  An iguana (D:9)
  2 scorpions
  2 worker ants (D:9)
  5 adders
  A white imp (D:8)
  2 worms
  A scorpion zombie (D:6)
  An adder skeleton (D:4)
  2 giant eyeballs
  A giant gecko (D:2)
  An ooze (D:2)
  53 orcs
  A giant cockroach (D:7)
  3 goblins
  6 hobgoblins
  6 jackals
  5 quokkas
  4 bats
  4 giant newts
  A hobgoblin zombie (D:6)
  A jackal skeleton (D:4)
  6 kobolds
  A quokka zombie (D:7)
  11 rats
182 creatures vanquished.

Vanquished Creatures (others)
  An orc wizard (Orc:3)
  A shadow imp (Orc:3)
  3 orcs (Orc:3)
5 creatures vanquished.

Grand Total: 187 creatures vanquished
